| Goals | Penalties |
1. Thunderbirds , Simon Ryfors 12 (Mike Sgarbossa 14, Devon Levi) at 7:54
|
Lukas Cormier (NJD) for Kneeing (Major) at 9:33
|
2. Thunderbirds , Mike Sgarbossa 14 (Uvis Balinskis 17, Ross Johnston 20) at 6:39 (PP)
3. Thunderbirds , Justin Danforth 32 (Wyatt Kaiser 26) at 6:45
4. Comets , Brett Berard 15 (Ryan Johnson 19, Andrew Nielsen 3) at 18:03
|
Logan Stankoven (NJD) for Goalie Interference (Minor) at 6:00 Samuel Fagemo (NJD) for Hooking (Minor) at 10:02
|
5. Comets , Ryan Winterton 13 (Filip Chytil 2, Kim Nousiainen 6) at 0:55
6. Thunderbirds , William Dufour 3 (Riley Damiani 8) at 13:20
|
Justin Sourdif (NJD) for Delaying the game (Minor) at 2:31
|
|
Devon Levi (STL), 24 saves from 26 shots - (0,923), W, 9-2-1, 60:00 minutes
Colten Ellis (NJD), 34 saves from 38 shots - (0,895), L, 14-11-6, 60:00 minutes
|
|
1 - William Dufour (STL)
2 - Mike Sgarbossa (STL)
3 - Justin Danforth (STL)
|
Referees : Frederick L'Ecuyer and Chris Rooney
Linesman : Ryan Gibbons and Jenni Heikkinen
|
|
0:55 of 3rd period - Comets goal is going for a video replay. After video review, Goal.
|
| Team Name |
Goals |
Shots |
Shots Attemp |
Shots Blocked |
PIM |
HIT |
PP |
PK |
FO% |
| Thunderbirds |
4 | 38 | 82 | 5 | 0 | 28 | 1 / 4 (25%) | 0 | 56% |
| Comets |
2 | 26 | 51 | 22 | 11 | 26 | 0 / 0 (0% | 1 | 44% |
Thunderbirds
| Player Name |
POS |
G |
A |
P |
+/- |
PIM |
HIT |
SHT |
SB |
MP |
PP MP |
PP SHT |
PK MP |
PK SHT |
FO% |
FOT |
GA |
TA |
| Anton Stralman | D | 0 | 0 | 0 | 2 | 0 | 2 | 2 | 0 | 20:38 | 3:00 | 0 | 0:00 | 0 | 0% |
0 | 1 | 0 |
| Cole Guttman | C | 0 | 0 | 0 | 0 | 0 | 1 | 2 | 1 | 12:46 | 0:00 | 0 | 0:00 | 0 | 38% |
8 | 0 | 0 |
| Denis Gurianov | LW/RW | 0 | 0 | 0 | -1 | 0 | 0 | 3 | 0 | 17:58 | 4:28 | 2 | 0:00 | 0 | 0% |
0 | 1 | 0 |
| Gabriel Carlsson | D | 0 | 0 | 0 | 0 | 0 | 2 | 0 | 1 | 22:46 | 3:22 | 0 | 0:00 | 0 | 0% |
0 | 0 | 1 |
| Gavin Bayreuther | D | 0 | 0 | 0 | -1 | 0 | 3 | 0 | 0 | 15:00 | 1:47 | 0 | 0:00 | 0 | 0% |
0 | 0 | 0 |
| Jake Muzzin | D | 0 | 0 | 0 | -1 | 0 | 1 | 1 | 0 | 13:44 | 0:26 | 0 | 0:00 | 0 | 0% |
0 | 0 | 0 |
| Jiri Smejkal | LW | 0 | 0 | 0 | 0 | 0 | 2 | 2 | 0 | 14:02 | 1:07 | 0 | 0:00 | 0 | 0% |
0 | 1 | 0 |
| John Leonard | LW | 0 | 0 | 0 | 2 | 0 | 0 | 3 | 0 | 9:29 | 1:02 | 0 | 0:00 | 0 | 0% |
0 | 0 | 0 |
| Justin Danforth | C/RW | 1 | 0 | 1 | 0 | 0 | 4 | 6 | 0 | 20:13 | 4:23 | 0 | 0:00 | 0 | 59% |
27 | 1 | 1 |
| Mike Sgarbossa | C | 1 | 1 | 2 | -1 | 0 | 2 | 3 | 0 | 17:22 | 3:48 | 1 | 0:00 | 0 | 63% |
8 | 1 | 0 |
| Riley Damiani | C | 0 | 1 | 1 | 2 | 0 | 0 | 1 | 0 | 8:57 | 0:43 | 0 | 0:00 | 0 | 50% |
2 | 0 | 0 |
| Ross Johnston | LW | 0 | 1 | 1 | 0 | 0 | 2 | 0 | 1 | 19:20 | 3:48 | 0 | 0:00 | 0 | 100% |
1 | 0 | 1 |
| Simon Ryfors | C/LW/RW | 1 | 0 | 1 | -1 | 0 | 3 | 3 | 0 | 17:16 | 3:42 | 0 | 0:00 | 0 | 0% |
0 | 0 | 0 |
| Uvis Balinskis | D | 0 | 1 | 1 | 2 | 0 | 1 | 1 | 1 | 22:33 | 5:12 | 0 | 0:00 | 0 | 0% |
0 | 0 | 1 |
| Vinni Lettieri | C/RW | 0 | 0 | 0 | 0 | 0 | 1 | 3 | 0 | 20:15 | 4:21 | 0 | 0:00 | 0 | 50% |
2 | 2 | 0 |
| William Dufour | RW | 1 | 0 | 1 | 2 | 0 | 3 | 5 | 0 | 9:25 | 1:15 | 0 | 0:00 | 0 | 0% |
0 | 1 | 0 |
| Wyatt Kaiser | D | 0 | 1 | 1 | 0 | 0 | 0 | 3 | 1 | 25:19 | 5:25 | 0 | 0:00 | 0 | 0% |
0 | 0 | 3 |
| Xavier Bourgault | RW | 0 | 0 | 0 | 0 | 0 | 1 | 0 | 0 | 12:57 | 0:11 | 0 | 0:00 | 0 | 0% |
0 | 0 | 0 |
Comets
| Player Name |
POS |
G |
A |
P |
+/- |
PIM |
HIT |
SHT |
SB |
MP |
PP MP |
PP SHT |
PK MP |
PK SHT |
FO% |
FOT |
GA |
TA |
| Adam Beckman | LW | 0 | 0 | 0 | 0 | 0 | 2 | 1 | 0 | 16:08 | 0:00 | 0 | 2:26 | 0 | 50% |
2 | 1 | 0 |
| Aku Raty | C | 0 | 0 | 0 | 0 | 0 | 1 | 4 | 1 | 18:47 | 0:00 | 0 | 3:32 | 0 | 27% |
11 | 0 | 0 |
| Andrew Nielsen | D | 0 | 1 | 1 | 0 | 0 | 0 | 0 | 0 | 4:50 | 0:00 | 0 | 1:28 | 0 | 0% |
0 | 0 | 0 |
| Brett Berard | LW | 1 | 0 | 1 | 0 | 0 | 1 | 1 | 2 | 16:15 | 0:00 | 0 | 1:15 | 0 | 0% |
0 | 0 | 0 |
| Connor McMichael | C/LW | 0 | 0 | 0 | 0 | 0 | 0 | 0 | 0 | 0:00 | 0:00 | 0 | 0:00 | 0 | 0% |
0 | 0 | 0 |
| David Spacek | D | 0 | 0 | 0 | -1 | 0 | 0 | 0 | 0 | 11:31 | 0:00 | 0 | 2:50 | 0 | 0% |
0 | 0 | 0 |
| Fabian Lysell | RW | 0 | 0 | 0 | 0 | 0 | 2 | 4 | 1 | 15:00 | 0:00 | 0 | 0:00 | 0 | 0% |
0 | 0 | 0 |
| Filip Chytil | C/LW | 0 | 1 | 1 | 0 | 0 | 3 | 5 | 1 | 13:00 | 0:00 | 0 | 0:00 | 0 | 0% |
1 | 0 | 0 |
| Filip Kral | D | 0 | 0 | 0 | -2 | 0 | 6 | 1 | 2 | 29:31 | 0:00 | 0 | 4:55 | 0 | 0% |
0 | 0 | 3 |
| Justin Sourdif | C | 0 | 0 | 0 | 0 | 2 | 0 | 1 | 0 | 9:58 | 0:00 | 0 | 2:47 | 0 | 0% |
1 | 0 | 1 |
| Juuso Parssinen | C | 0 | 0 | 0 | -1 | 0 | 1 | 1 | 0 | 24:19 | 0:00 | 0 | 3:55 | 0 | 60% |
25 | 0 | 0 |
| Kim Nousiainen | D | 0 | 1 | 1 | 1 | 0 | 0 | 0 | 3 | 19:51 | 0:00 | 0 | 3:29 | 0 | 0% |
0 | 0 | 1 |
| Logan Stankoven | C/RW | 0 | 0 | 0 | -1 | 2 | 2 | 3 | 0 | 18:32 | 0:00 | 0 | 3:17 | 0 | 50% |
2 | 0 | 0 |
| Lukas Cormier | D | 0 | 0 | 0 | 1 | 5 | 1 | 2 | 4 | 22:43 | 0:00 | 0 | 1:46 | 0 | 0% |
0 | 0 | 0 |
| Riley Sutter | RW | 0 | 0 | 0 | 0 | 0 | 1 | 0 | 1 | 6:40 | 0:00 | 0 | 0:00 | 0 | 0% |
0 | 0 | 0 |
| Ryan Johnson | D | 0 | 1 | 1 | -1 | 0 | 3 | 1 | 3 | 31:18 | 0:00 | 0 | 4:14 | 0 | 0% |
0 | 4 | 3 |
| Ryan Winterton | C | 1 | 0 | 1 | 0 | 0 | 1 | 2 | 3 | 14:45 | 0:00 | 0 | 0:39 | 0 | 25% |
4 | 0 | 0 |
| Samuel Fagemo | LW/RW | 0 | 0 | 0 | -1 | 2 | 2 | 0 | 1 | 17:12 | 0:00 | 0 | 1:51 | 0 | 0% |
2 | 2 | 0 |
Thunderbirds
| 5 vs 5 Forward |
|---|
| Line # | Left Wing | Center | Right Wing | PHY | DF | OF | Wanted % | Time % | Time Play |
| 1 | Ross Johnston | Justin Danforth | Vinni Lettieri | 1 | 1 | 3 | 39 | 31% | 15:29
|
| 2 | Denis Gurianov | Mike Sgarbossa | Simon Ryfors | 1 | 2 | 2 | 30 | 28% | 13:55
|
| 3 | Jiri Smejkal | Cole Guttman | Xavier Bourgault | 1 | 2 | 2 | 21 | 25% | 12:46
|
| 4 | John Leonard | Riley Damiani | William Dufour | 1 | 2 | 2 | 10 | 16% | 8:14
|
| 5 vs 5 Defense |
|---|
| Line # | Defense | Defense | | PHY | DF | OF | Wanted % | Time % | Time Play |
| 1 | Gabriel Carlsson | Wyatt Kaiser | | 1 | 2 | 2 | 38 | 37% | 18:43
|
| 2 | Uvis Balinskis | Anton Stralman | | 1 | 2 | 2 | 31 | 34% | 17:21
|
| 3 | Gavin Bayreuther | Jake Muzzin | | 1 | 2 | 2 | 21 | 25% | 12:36
|
| 4 | Gabriel Carlsson | Wyatt Kaiser | | 1 | 2 | 2 | 10 | 3% | 1:44
|
| Power Play Forward |
|---|
| Line # | Left Wing | Center | Right Wing | PHY | DF | OF | Wanted % | Time % | Time Play |
| 1 | Denis Gurianov | Justin Danforth | Vinni Lettieri | 1 | 1 | 3 | 60 | 58% | 5:33
|
| 2 | Ross Johnston | Mike Sgarbossa | Simon Ryfors | 1 | 1 | 3 | 40 | 42% | 4:03
|
| Power Play Defense |
|---|
| Line # | Defense | Defense | | PHY | DF | OF | Wanted % | Time % | Time Play |
| 1 | Uvis Balinskis | Wyatt Kaiser | | 1 | 1 | 3 | 63 | 94% | 8:59
|
| 2 | Wyatt Kaiser | Uvis Balinskis | | 1 | 1 | 3 | 37 | 6% | 0:37
|
| Penalty Kill 4 Players Forward |
|---|
| Line # | Center | Wing | PHY | DF | OF | Wanted % | Time % | Time Play |
| 1 | Justin Danforth | Ross Johnston | 1 | 3 | 1 | 60 | 0% | 0:00
|
| 2 | Mike Sgarbossa | Vinni Lettieri | 1 | 3 | 1 | 40 | 0% | 0:00
|
| Penalty Kill 4 Players Defense |
|---|
| Line # | Defense | Defense | PHY | DF | OF | Wanted % | Time % | Time Play |
| 1 | Gabriel Carlsson | Anton Stralman | 1 | 3 | 1 | 60 | 0% | 0:00
|
| 2 | Wyatt Kaiser | Gavin Bayreuther | 1 | 3 | 1 | 40 | 0% | 0:00
|
| Penalty Kill 3 Players |
|---|
| Line # | Wing | PHY | DF | OF | Wanted % | Time % | Time Play | Defense | Defense | PHY | DF | OF | Wanted % | Time % | Time Play |
| 1 | Justin Danforth | 1 | 4 | 0 | 60 | 0% | 0:00
| Gabriel Carlsson | Anton Stralman | 1 | 4 | 0 | 60 | 0% | 0:00
|
| 2 | Ross Johnston | 1 | 4 | 0 | 40 | 0% | 0:00
| Wyatt Kaiser | Gavin Bayreuther | 1 | 4 | 0 | 40 | 0% | 0:00
|
| 4 vs 4 Forward |
|---|
| Line # | Center | Wing | PHY | DF | OF | Wanted % | Time % | Time Play |
| 1 | Justin Danforth | Vinni Lettieri | 1 | 2 | 2 | 60 | 0% | 0:00
|
| 2 | Mike Sgarbossa | Ross Johnston | 1 | 2 | 2 | 40 | 0% | 0:00
|
| 4 vs 4 Defense |
|---|
| Line # | Defense | | PHY | DF | OF | Wanted % | Time % | Time Play |
| 1 | Gabriel Carlsson | Wyatt Kaiser | 1 | 2 | 2 | 60 | 0% | 0:00
|
| 2 | Anton Stralman | Uvis Balinskis | 1 | 2 | 2 | 40 | 0% | 0:00
|
| Last Minutes Offensive |
|---|
| Left Wing | Center | Right Wing | Defense | Defense |
| Denis Gurianov | Justin Danforth | Vinni Lettieri | Wyatt Kaiser | Uvis Balinskis |
| Last Minutes Defensive |
|---|
| Left Wing | Center | Right Wing | Defense | Defense |
| Ross Johnston | Justin Danforth | Vinni Lettieri | Gabriel Carlsson | Anton Stralman |
| Time |
|---|
| Total Forward | Total Defense | Last Minutes Offensive | Last Minutes Defensive |
| 60:00 |
60:00 |
0:00 | 0:00 |
| Extra Forwards |
|---|
| Normal | PowerPlay | Penalty Kill |
|
Simon Ryfors, Jiri Smejkal, Mike Sgarbossa | Ross Johnston, John Leonard | Ross Johnston |
| Extra Defensemen |
|---|
| Normal | PowerPlay | Penalty Kill |
|
Uvis Balinskis, Jake Muzzin, Anton Stralman | Anton Stralman, Gavin Bayreuther | Anton Stralman |
| Penalty Shots |
|---|
|
Justin Danforth, Vinni Lettieri, Simon Ryfors, Cole Guttman, Mike Sgarbossa |
| Goalie |
|---|
| Devon Levi, Pheonix Copley |
| Scratches |
|---|
|
Bobby Nardella (Healthy), Tucker Robertson (Healthy), Josh Jacobs (Healthy), Brian Lashoff (Healthy), Ben McCartney (Healthy)
Corson Ceulemans (Healthy), Jason Polin (Healthy), Tristen Robins (Healthy), William Trudeau (Healthy), Keith Kinkaid (Healthy)
Strauss Mann (Healthy), Taylor Gauthier (Healthy) |
Comets
| 5 vs 5 Forward |
|---|
| Line # | Left Wing | Center | Right Wing | PHY | DF | OF | Wanted % | Time % | Time Play |
| 1 | Samuel Fagemo | Juuso Parssinen | Logan Stankoven | 1 | 2 | 2 | 40 | 31% | 15:38
|
| 2 | Brett Berard | Aku Raty | Fabian Lysell | 1 | 2 | 2 | 30 | 31% | 15:48
|
| 3 | Adam Beckman | Ryan Winterton | Filip Chytil | 1 | 2 | 2 | 20 | 26% | 13:00
|
| 4 | Juuso Parssinen | Justin Sourdif | Riley Sutter | 1 | 2 | 2 | 10 | 12% | 5:58
|
| 5 vs 5 Defense |
|---|
| Line # | Defense | Defense | | PHY | DF | OF | Wanted % | Time % | Time Play |
| 1 | Filip Kral | Ryan Johnson | | 1 | 2 | 2 | 40 | 31% | 15:42
|
| 2 | Filip Kral | Lukas Cormier | | 1 | 2 | 2 | 30 | 31% | 15:37
|
| 3 | Ryan Johnson | Kim Nousiainen | | 1 | 2 | 2 | 20 | 27% | 13:32
|
| 4 | Lukas Cormier | Ryan Johnson | | 1 | 2 | 2 | 10 | 11% | 5:33
|
| Power Play Forward |
|---|
| Line # | Left Wing | Center | Right Wing | PHY | DF | OF | Wanted % | Time % | Time Play |
| 1 | Samuel Fagemo | Juuso Parssinen | Logan Stankoven | 1 | 2 | 2 | 60 | 0% | 0:00
|
| 2 | Brett Berard | Aku Raty | Fabian Lysell | 1 | 2 | 2 | 40 | 0% | 0:00
|
| Power Play Defense |
|---|
| Line # | Defense | Defense | | PHY | DF | OF | Wanted % | Time % | Time Play |
| 1 | Filip Kral | Ryan Johnson | | 1 | 2 | 2 | 60 | 0% | 0:00
|
| 2 | Filip Kral | Lukas Cormier | | 1 | 2 | 2 | 40 | 0% | 0:00
|
| Penalty Kill 4 Players Forward |
|---|
| Line # | Center | Wing | PHY | DF | OF | Wanted % | Time % | Time Play |
| 1 | Juuso Parssinen | Logan Stankoven | 1 | 2 | 2 | 60 | 72% | 6:54
|
| 2 | Samuel Fagemo | Aku Raty | 1 | 2 | 2 | 40 | 28% | 2:42
|
| Penalty Kill 4 Players Defense |
|---|
| Line # | Defense | Defense | PHY | DF | OF | Wanted % | Time % | Time Play |
| 1 | Filip Kral | Ryan Johnson | 1 | 2 | 2 | 60 | 43% | 4:06
|
| 2 | Filip Kral | Lukas Cormier | 1 | 2 | 2 | 40 | 57% | 5:30
|
| Penalty Kill 3 Players |
|---|
| Line # | Wing | PHY | DF | OF | Wanted % | Time % | Time Play | Defense | Defense | PHY | DF | OF | Wanted % | Time % | Time Play |
| 1 | Juuso Parssinen | 1 | 2 | 2 | 60 | 0% | 0:00
| Filip Kral | Ryan Johnson | 1 | 2 | 2 | 60 | 0% | 0:00
|
| 2 | Logan Stankoven | 1 | 2 | 2 | 40 | 0% | 0:00
| Filip Kral | Lukas Cormier | 1 | 2 | 2 | 40 | 0% | 0:00
|
| 4 vs 4 Forward |
|---|
| Line # | Center | Wing | PHY | DF | OF | Wanted % | Time % | Time Play |
| 1 | Juuso Parssinen | Logan Stankoven | 1 | 2 | 2 | 60 | 0% | 0:00
|
| 2 | Samuel Fagemo | Aku Raty | 1 | 2 | 2 | 40 | 0% | 0:00
|
| 4 vs 4 Defense |
|---|
| Line # | Defense | | PHY | DF | OF | Wanted % | Time % | Time Play |
| 1 | Filip Kral | Ryan Johnson | 1 | 2 | 2 | 60 | 0% | 0:00
|
| 2 | Filip Kral | Lukas Cormier | 1 | 2 | 2 | 40 | 0% | 0:00
|
| Last Minutes Offensive |
|---|
| Left Wing | Center | Right Wing | Defense | Defense |
| Samuel Fagemo | Juuso Parssinen | Logan Stankoven | Filip Kral | Ryan Johnson |
| Last Minutes Defensive |
|---|
| Left Wing | Center | Right Wing | Defense | Defense |
| Samuel Fagemo | Juuso Parssinen | Logan Stankoven | Filip Kral | Ryan Johnson |
| Time |
|---|
| Total Forward | Total Defense | Last Minutes Offensive | Last Minutes Defensive |
| 60:00 |
60:00 |
0:00 | 0:00 |
| Extra Forwards |
|---|
| Normal | PowerPlay | Penalty Kill |
|
Juuso Parssinen, Ryan Winterton, Justin Sourdif | Juuso Parssinen, Ryan Winterton | Justin Sourdif |
| Extra Defensemen |
|---|
| Normal | PowerPlay | Penalty Kill |
|
Ryan Johnson, Kim Nousiainen, Filip Kral | Ryan Johnson, Kim Nousiainen | Filip Kral |
| Penalty Shots |
|---|
|
Juuso Parssinen, Logan Stankoven, Samuel Fagemo, Aku Raty, Ryan Winterton |
| Goalie |
|---|
| Colten Ellis, Trent Miner |
| Scratches |
|---|
|
Andrew Lucas (Healthy), Anthony Costantini (Healthy), Judd Caulfield (Healthy), Oskar Pettersson (Healthy), Marian Studenic (Healthy)
Brady Lyle (Healthy), Zayde Wisdom (Healthy), Samuel Helenius (Healthy), Rory Kerins (Healthy), Filip Lindberg (Healthy) |
Play-by-Play
1st period
0:01 of 1st period - Juuso Parssinen wins face-off versus Justin Danforth in neutral zone.
0:16 of 1st period - Wrist shot by Justin Danforth.
0:16 of 1st period - Shot Misses the Net.
0:34 of 1st period - Snap shot by Aku Raty.
0:34 of 1st period - Deflect By Fabian Lysell.
0:34 of 1st period - Stopped by Devon Levi with a rebound.
0:36 of 1st period - Slapshot by Aku Raty.
0:36 of 1st period - Stopped by Devon Levi with a rebound.
0:57 of 1st period - Jiri Smejkal is hit by Filip Chytil and loses puck.
1:18 of 1st period - Uvis Balinskis is hit by Riley Sutter and loses puck.
2:20 of 1st period - Wrist shot by Jiri Smejkal.
2:20 of 1st period - Shot Blocked by Filip Chytil.
2:22 of 1st period - Wrist shot by Cole Guttman.
2:22 of 1st period - Shot Blocked by Ryan Winterton.
3:49 of 1st period - Wrist shot by Justin Danforth.
3:49 of 1st period - Stopped by Colten Ellis with a rebound.
3:54 of 1st period - Icing by Fabian Lysell.
3:55 of 1st period - Justin Danforth wins face-off versus Aku Raty in Comets zone.
4:00 of 1st period - Snap shot by Vinni Lettieri.
4:00 of 1st period - Stopped by Colten Ellis without a rebound.
4:01 of 1st period - Juuso Parssinen wins face-off versus Justin Danforth in Comets zone.
4:01 of 1st period - Juuso Parssinen is hit by Jake Muzzin.
4:07 of 1st period - Snap shot by Logan Stankoven.
4:07 of 1st period - Shot Misses the Net.
4:09 of 1st period - Wrist shot by Juuso Parssinen.
4:09 of 1st period - Shot Misses the Net.
4:11 of 1st period - Snap shot by Logan Stankoven.
4:11 of 1st period - Stopped by Devon Levi with a rebound.
4:17 of 1st period - Slapshot by Vinni Lettieri.
4:17 of 1st period - Shot Misses the Net.
4:32 of 1st period - Gabriel Carlsson is hit by Aku Raty.
4:38 of 1st period - Backhand shot by Fabian Lysell.
4:38 of 1st period - Shot Misses the Net.
4:44 of 1st period - Brett Berard is hit by Gabriel Carlsson and loses puck.
5:15 of 1st period - Fabian Lysell is hit by Simon Ryfors and loses puck.
5:25 of 1st period - Icing by Filip Kral.
5:26 of 1st period - Justin Danforth wins face-off versus Aku Raty in Comets zone.
5:37 of 1st period - Wrist shot by Justin Danforth.
5:37 of 1st period - Shot Misses the Net.
5:39 of 1st period - Snap shot by Justin Danforth.
5:39 of 1st period - Shot Blocked by Fabian Lysell.
5:41 of 1st period - Snap shot by Justin Danforth.
5:41 of 1st period - Stopped by Colten Ellis with a rebound.
6:13 of 1st period - Slapshot by John Leonard.
6:13 of 1st period - Stopped by Colten Ellis with a rebound.
6:23 of 1st period - Slapshot by Filip Chytil.
6:23 of 1st period - Shot Misses the Net.
6:33 of 1st period - Juuso Parssinen is hit by Ross Johnston and loses puck.
6:40 of 1st period - Slapshot by Justin Danforth.
6:40 of 1st period - Stopped by Colten Ellis with a rebound.
6:52 of 1st period - Wrist shot by Cole Guttman.
6:52 of 1st period - Deflect By Jiri Smejkal.
6:52 of 1st period - Stopped by Colten Ellis without a rebound.
6:53 of 1st period - Adam Beckman wins face-off versus Cole Guttman in Comets zone.
7:23 of 1st period - Wrist shot by Logan Stankoven.
7:23 of 1st period - Stopped by Devon Levi with a rebound.
7:25 of 1st period - Snap shot by Juuso Parssinen.
7:25 of 1st period - Shot Misses the Net.
7:39 of 1st period - Andrew Nielsen is hit by Simon Ryfors and loses puck.
7:54 of 1st period - Snap shot by Simon Ryfors.
7:54 of 1st period - Goal by Simon Ryfors - Thunderbirds : 1 - Comets : 0.
7:55 of 1st period - Justin Danforth wins face-off versus Adam Beckman in neutral zone.
8:21 of 1st period - Icing by Gabriel Carlsson.
8:22 of 1st period - Cole Guttman wins face-off versus Juuso Parssinen in Thunderbirds zone.
8:39 of 1st period - Cole Guttman is hit by Ryan Johnson and loses puck.
9:04 of 1st period - Wrist shot by Logan Stankoven.
9:04 of 1st period - Stopped by Devon Levi with a rebound.
9:20 of 1st period - Snap shot by Jiri Smejkal.
9:20 of 1st period - Shot Blocked by Lukas Cormier.
9:22 of 1st period - Wrist shot by Cole Guttman.
9:22 of 1st period - Shot Misses the Net.
9:33 of 1st period - Major Penalty to Lukas Cormier for Kneeing.
9:34 of 1st period - Justin Danforth wins face-off versus Justin Sourdif in Comets zone.
11:05 of 1st period - Ryan Johnson is hit by Vinni Lettieri and loses puck.
12:55 of 1st period - Ryan Johnson is hit by Gavin Bayreuther and loses puck.
14:33 of 1st period - Penalty to Lukas Cormier is over, Lukas Cormier is back on ice.
15:10 of 1st period - Icing by Gavin Bayreuther.
15:11 of 1st period - Mike Sgarbossa wins face-off versus Ryan Winterton in Thunderbirds zone.
15:16 of 1st period - Adam Beckman is hit by Justin Danforth.
15:49 of 1st period - Lukas Cormier is hit by Mike Sgarbossa and loses puck.
15:59 of 1st period - Off-side.
16:00 of 1st period - Cole Guttman wins face-off versus Juuso Parssinen in neutral zone.
16:31 of 1st period - Slapshot by Fabian Lysell.
16:31 of 1st period - Stopped by Devon Levi with a rebound.
16:49 of 1st period - Wrist shot by Juuso Parssinen.
16:49 of 1st period - Shot Misses the Net.
17:13 of 1st period - Snap shot by Wyatt Kaiser.
17:13 of 1st period - Stopped by Colten Ellis with a rebound.
17:33 of 1st period - Wrist shot by Cole Guttman.
17:33 of 1st period - Stopped by Colten Ellis without a rebound.
17:34 of 1st period - Juuso Parssinen wins face-off versus Cole Guttman in Comets zone.
17:39 of 1st period - Wrist shot by Cole Guttman.
17:39 of 1st period - Shot Misses the Net.
17:41 of 1st period - Wrist shot by Cole Guttman.
17:41 of 1st period - Shot Misses the Net.
17:59 of 1st period - Anton Stralman is hit by Fabian Lysell and loses puck.
18:06 of 1st period - Wrist shot by Aku Raty.
18:06 of 1st period - Shot Blocked by Ross Johnston.
18:08 of 1st period - Slapshot by Kim Nousiainen.
18:08 of 1st period - Shot Blocked by Uvis Balinskis.
18:10 of 1st period - Snap shot by Aku Raty.
18:10 of 1st period - Stopped by Devon Levi with a rebound.
18:20 of 1st period - Slapshot by Vinni Lettieri.
18:20 of 1st period - Deflect By Mike Sgarbossa.
18:20 of 1st period - Stopped by Colten Ellis with a rebound.
18:26 of 1st period - Slapshot by Denis Gurianov.
18:26 of 1st period - Stopped by Colten Ellis without a rebound.
18:27 of 1st period - Mike Sgarbossa wins face-off versus Samuel Fagemo in Comets zone.
18:30 of 1st period - Slapshot by Simon Ryfors.
18:30 of 1st period - Stopped by Colten Ellis with a rebound.
18:32 of 1st period - Snap shot by Simon Ryfors.
18:32 of 1st period - Shot Blocked by Ryan Johnson.
18:34 of 1st period - Slapshot by Jake Muzzin.
18:34 of 1st period - Stopped by Colten Ellis with a rebound.
19:00 of 1st period - Snap shot by Mike Sgarbossa.
19:00 of 1st period - Shot Misses the Net.
19:05 of 1st period - Off-side.
19:06 of 1st period - Justin Danforth wins face-off versus Aku Raty in neutral zone.
19:31 of 1st period - Lukas Cormier is hit by William Dufour.
Goals for this period are 1 for Thunderbirds vs 0 for Comets.
Shots for this period are 13 for Thunderbirds vs 7 for Comets.
2nd period
0:01 of 2nd period - Juuso Parssinen wins face-off versus Justin Danforth in neutral zone.
0:13 of 2nd period - Off-side.
0:14 of 2nd period - Justin Danforth wins face-off versus Juuso Parssinen in neutral zone.
0:27 of 2nd period - Wrist shot by Ross Johnston.
0:27 of 2nd period - Shot Misses the Net.
0:41 of 2nd period - Filip Kral is hit by Simon Ryfors and loses puck.
0:50 of 2nd period - Wrist shot by Aku Raty.
0:50 of 2nd period - Stopped by Devon Levi with a rebound.
1:00 of 2nd period - Snap shot by Denis Gurianov.
1:00 of 2nd period - Shot Blocked by Ryan Winterton.
1:02 of 2nd period - Slapshot by Uvis Balinskis.
1:02 of 2nd period - Stopped by Colten Ellis with a rebound.
1:04 of 2nd period - Slapshot by Cole Guttman.
1:04 of 2nd period - Shot Misses the Net.
1:06 of 2nd period - Snap shot by Xavier Bourgault.
1:06 of 2nd period - Shot Misses the Net.
1:14 of 2nd period - Jake Muzzin is hit by Filip Chytil and loses puck.
1:29 of 2nd period - Snap shot by Juuso Parssinen.
1:29 of 2nd period - Stopped by Devon Levi with a rebound.
2:05 of 2nd period - Wrist shot by Justin Danforth.
2:05 of 2nd period - Shot Blocked by Riley Sutter.
2:34 of 2nd period - Backhand shot by Fabian Lysell.
2:34 of 2nd period - Stopped by Devon Levi without a rebound.
2:35 of 2nd period - Aku Raty wins face-off versus Mike Sgarbossa in Thunderbirds zone.
2:39 of 2nd period - Icing by Mike Sgarbossa.
2:40 of 2nd period - Juuso Parssinen wins face-off versus Mike Sgarbossa in Thunderbirds zone.
3:09 of 2nd period - Wrist shot by William Dufour.
3:09 of 2nd period - Stopped by Colten Ellis without a rebound.
3:10 of 2nd period - Aku Raty wins face-off versus Riley Damiani in Comets zone.
3:10 of 2nd period - Aku Raty is hit by Anton Stralman.
3:16 of 2nd period - Slapshot by Lukas Cormier.
3:16 of 2nd period - Stopped by Devon Levi without a rebound.
3:17 of 2nd period - Justin Danforth wins face-off versus Juuso Parssinen in Thunderbirds zone.
4:04 of 2nd period - Wrist shot by Filip Chytil.
4:04 of 2nd period - Shot Misses the Net.
4:06 of 2nd period - Wrist shot by Filip Chytil.
4:06 of 2nd period - Shot Misses the Net.
4:08 of 2nd period - Snap shot by Ryan Winterton.
4:08 of 2nd period - Stopped by Devon Levi with a rebound.
4:32 of 2nd period - Logan Stankoven is hit by Ross Johnston.
5:41 of 2nd period - Off-side.
5:42 of 2nd period - Justin Danforth wins face-off versus Juuso Parssinen in neutral zone.
6:00 of 2nd period - Minor Penalty to Logan Stankoven for Goalie Interference.
6:01 of 2nd period - Justin Danforth wins face-off versus Juuso Parssinen in Comets zone.
6:01 of 2nd period - Wrist shot by Denis Gurianov.
6:01 of 2nd period - Stopped by Colten Ellis with a rebound.
6:03 of 2nd period - Wrist shot by Denis Gurianov.
6:03 of 2nd period - Stopped by Colten Ellis without a rebound.
6:04 of 2nd period - Juuso Parssinen wins face-off versus Justin Danforth in Comets zone.
6:39 of 2nd period - Slapshot by Uvis Balinskis.
6:39 of 2nd period - Deflect By Mike Sgarbossa.
6:39 of 2nd period - Goal by Mike Sgarbossa - Thunderbirds : 2 - Comets : 0.
6:40 of 2nd period - Juuso Parssinen wins face-off versus Justin Danforth in neutral zone.
6:45 of 2nd period - Snap shot by Justin Danforth.
6:45 of 2nd period - Goal by Justin Danforth - Thunderbirds : 3 - Comets : 0.
6:46 of 2nd period - Justin Danforth wins face-off versus Juuso Parssinen in neutral zone.
7:33 of 2nd period - Filip Kral is hit by Jiri Smejkal.
8:29 of 2nd period - Simon Ryfors is hit by Logan Stankoven and loses puck.
8:42 of 2nd period - Wyatt Kaiser is hit by Filip Kral and loses puck.
9:07 of 2nd period - Snap shot by Fabian Lysell.
9:07 of 2nd period - Shot Hit the Post.
9:09 of 2nd period - Snap shot by Filip Kral.
9:09 of 2nd period - Stopped by Devon Levi without a rebound.
9:10 of 2nd period - Justin Danforth wins face-off versus Aku Raty in Thunderbirds zone.
9:17 of 2nd period - Snap shot by Justin Danforth.
9:17 of 2nd period - Stopped by Colten Ellis with a rebound.
9:42 of 2nd period - Wrist shot by Jiri Smejkal.
9:42 of 2nd period - Stopped by Colten Ellis without a rebound.
9:43 of 2nd period - Juuso Parssinen wins face-off versus Justin Danforth in Comets zone.
9:53 of 2nd period - Vinni Lettieri is hit by Logan Stankoven and loses puck.
10:02 of 2nd period - Minor Penalty to Samuel Fagemo for Hooking.
10:03 of 2nd period - Juuso Parssinen wins face-off versus Justin Danforth in Comets zone.
10:16 of 2nd period - Wrist shot by Logan Stankoven.
10:16 of 2nd period - Shot Misses the Net.
10:37 of 2nd period - Simon Ryfors is hit by Filip Kral.
12:02 of 2nd period - Penalty to Samuel Fagemo is over, Samuel Fagemo is back on ice.
12:14 of 2nd period - Gabriel Carlsson is hit by Brett Berard and loses puck.
12:33 of 2nd period - Juuso Parssinen is hit by William Dufour.
13:08 of 2nd period - Snap shot by Filip Chytil.
13:08 of 2nd period - Stopped by Devon Levi with a rebound.
13:41 of 2nd period - Vinni Lettieri is hit by Filip Kral and loses puck.
13:46 of 2nd period - Snap shot by Fabian Lysell.
13:46 of 2nd period - Stopped by Devon Levi with a rebound.
14:29 of 2nd period - Ryan Winterton is hit by Gavin Bayreuther and loses puck.
14:34 of 2nd period - Slapshot by William Dufour.
14:34 of 2nd period - Shot Misses the Net.
14:48 of 2nd period - Denis Gurianov is hit by Filip Kral and loses puck.
14:59 of 2nd period - Simon Ryfors is hit by Ryan Johnson and loses puck.
16:30 of 2nd period - Adam Beckman is hit by Jiri Smejkal and loses puck.
16:45 of 2nd period - Filip Chytil is hit by Justin Danforth.
16:49 of 2nd period - Vinni Lettieri is hit by Filip Chytil and loses puck.
17:20 of 2nd period - William Dufour is hit by Samuel Fagemo and loses puck.
17:29 of 2nd period - Juuso Parssinen is hit by William Dufour and loses puck.
18:03 of 2nd period - Wrist shot by Brett Berard.
18:03 of 2nd period - Goal by Brett Berard - Thunderbirds : 3 - Comets : 1.
18:04 of 2nd period - Justin Danforth wins face-off versus Aku Raty in neutral zone.
18:07 of 2nd period - Filip Kral is hit by Justin Danforth and loses puck.
18:18 of 2nd period - Wrist shot by Justin Danforth.
18:18 of 2nd period - Shot Blocked by Filip Kral.
19:08 of 2nd period - Wrist shot by Fabian Lysell.
19:08 of 2nd period - Shot Misses the Net.
19:10 of 2nd period - Slapshot by Lukas Cormier.
19:10 of 2nd period - Stopped by Devon Levi without a rebound.
19:11 of 2nd period - Ross Johnston wins face-off versus Juuso Parssinen in Thunderbirds zone.
19:44 of 2nd period - Mike Sgarbossa is hit by Ryan Johnson and loses puck.
Goals for this period are 2 for Thunderbirds vs 1 for Comets.
Shots for this period are 8 for Thunderbirds vs 10 for Comets.
3rd period
0:01 of 3rd period - Juuso Parssinen wins face-off versus Vinni Lettieri in neutral zone.
0:51 of 3rd period - Snap shot by Ryan Winterton.
0:51 of 3rd period - Shot Blocked by Gabriel Carlsson.
0:53 of 3rd period - Wrist shot by Filip Chytil.
0:53 of 3rd period - Stopped by Devon Levi with a rebound.
0:55 of 3rd period - Snap shot by Ryan Winterton.
0:55 of 3rd period - Comets goal is going for a video replay.
0:55 of 3rd period - The goal is good.
0:55 of 3rd period - Goal by Ryan Winterton - Thunderbirds : 3 - Comets : 2.
0:56 of 3rd period - Logan Stankoven wins face-off versus Justin Danforth in neutral zone.
1:11 of 3rd period - Slapshot by Vinni Lettieri.
1:11 of 3rd period - Stopped by Colten Ellis without a rebound.
1:12 of 3rd period - Mike Sgarbossa wins face-off versus Aku Raty in Comets zone.
1:15 of 3rd period - Snap shot by Denis Gurianov.
1:15 of 3rd period - Shot Misses the Net.
1:17 of 3rd period - Wrist shot by Mike Sgarbossa.
1:17 of 3rd period - Stopped by Colten Ellis with a rebound.
1:25 of 3rd period - Slapshot by Simon Ryfors.
1:25 of 3rd period - Stopped by Colten Ellis without a rebound.
1:26 of 3rd period - Justin Danforth wins face-off versus Juuso Parssinen in Comets zone.
1:37 of 3rd period - Wrist shot by Justin Danforth.
1:37 of 3rd period - Stopped by Colten Ellis without a rebound.
1:38 of 3rd period - Vinni Lettieri wins face-off versus Logan Stankoven in Comets zone.
2:31 of 3rd period - Minor Penalty to Justin Sourdif for Delaying the game.
2:32 of 3rd period - Juuso Parssinen wins face-off versus Justin Danforth in Comets zone.
2:40 of 3rd period - Logan Stankoven is hit by Justin Danforth and loses puck.
3:09 of 3rd period - Wyatt Kaiser is hit by Lukas Cormier and loses puck.
3:16 of 3rd period - Denis Gurianov is hit by Filip Kral and loses puck.
4:08 of 3rd period - David Spacek is hit by Uvis Balinskis and loses puck.
4:31 of 3rd period - Penalty to Justin Sourdif is over, Justin Sourdif is back on ice.
4:47 of 3rd period - Xavier Bourgault is hit by Filip Kral and loses puck.
5:13 of 3rd period - Wrist shot by Adam Beckman.
5:13 of 3rd period - Stopped by Devon Levi with a rebound.
5:49 of 3rd period - Off-side.
5:50 of 3rd period - Ryan Winterton wins face-off versus Mike Sgarbossa in neutral zone.
6:34 of 3rd period - Kim Nousiainen is hit by Anton Stralman and loses puck.
6:40 of 3rd period - Icing by Logan Stankoven.
6:41 of 3rd period - Juuso Parssinen wins face-off versus Cole Guttman in Comets zone.
6:41 of 3rd period - Juuso Parssinen is hit by Gabriel Carlsson.
6:51 of 3rd period - Slapshot by Wyatt Kaiser.
6:51 of 3rd period - Deflect By Xavier Bourgault.
6:51 of 3rd period - Shot Blocked by Kim Nousiainen.
6:51 of 3rd period - Puck is out of play.
6:52 of 3rd period - Justin Danforth wins face-off versus Ryan Winterton in Comets zone.
6:59 of 3rd period - Slapshot by Vinni Lettieri.
6:59 of 3rd period - Shot Blocked by Ryan Winterton.
7:14 of 3rd period - Icing by Justin Danforth.
7:15 of 3rd period - Mike Sgarbossa wins face-off versus Aku Raty in Thunderbirds zone.
7:54 of 3rd period - Justin Danforth is hit by Juuso Parssinen and loses puck.
8:31 of 3rd period - Snap shot by Brett Berard.
8:31 of 3rd period - Shot Misses the Net.
9:07 of 3rd period - Slapshot by Wyatt Kaiser.
9:07 of 3rd period - Shot Blocked by Kim Nousiainen.
9:09 of 3rd period - Wrist shot by William Dufour.
9:09 of 3rd period - Stopped by Colten Ellis without a rebound.
9:10 of 3rd period - Justin Danforth wins face-off versus Ryan Winterton in Comets zone.
9:11 of 3rd period - Snap shot by Vinni Lettieri.
9:11 of 3rd period - Shot Misses the Net.
9:29 of 3rd period - Justin Danforth is hit by Adam Beckman and loses puck.
9:43 of 3rd period - Jake Muzzin is hit by Adam Beckman and loses puck.
10:41 of 3rd period - Wrist shot by Filip Chytil.
10:41 of 3rd period - Shot Misses the Net.
10:47 of 3rd period - Wrist shot by Filip Chytil.
10:47 of 3rd period - Deflect By Ryan Winterton.
10:47 of 3rd period - Shot Misses the Net.
10:47 of 3rd period - Puck is out of play.
10:48 of 3rd period - Mike Sgarbossa wins face-off versus Juuso Parssinen in Thunderbirds zone.
11:18 of 3rd period - Slapshot by Ryan Johnson.
11:18 of 3rd period - Stopped by Devon Levi without a rebound.
11:19 of 3rd period - Aku Raty wins face-off versus Cole Guttman in Thunderbirds zone.
11:20 of 3rd period - Snap shot by Brett Berard.
11:20 of 3rd period - Shot Misses the Net.
11:24 of 3rd period - Snap shot by Aku Raty.
11:24 of 3rd period - Stopped by Devon Levi without a rebound.
11:25 of 3rd period - Juuso Parssinen wins face-off versus Cole Guttman in Thunderbirds zone.
11:58 of 3rd period - Snap shot by Mike Sgarbossa.
11:58 of 3rd period - Shot Blocked by Kim Nousiainen.
12:38 of 3rd period - Fabian Lysell is hit by Xavier Bourgault and loses puck.
13:03 of 3rd period - Mike Sgarbossa is hit by Samuel Fagemo and loses puck.
13:18 of 3rd period - Snap shot by John Leonard.
13:18 of 3rd period - Deflect By William Dufour.
13:18 of 3rd period - Shot Misses the Net.
13:18 of 3rd period - Puck is out of play.
13:19 of 3rd period - Riley Damiani wins face-off versus Aku Raty in Comets zone.
13:20 of 3rd period - Snap shot by William Dufour.
13:20 of 3rd period - Goal by William Dufour - Thunderbirds : 4 - Comets : 2.
13:21 of 3rd period - Justin Danforth wins face-off versus Samuel Fagemo in neutral zone.
13:28 of 3rd period - Wrist shot by Vinni Lettieri.
13:28 of 3rd period - Stopped by Colten Ellis with a rebound.
13:30 of 3rd period - Snap shot by Wyatt Kaiser.
13:30 of 3rd period - Deflect By Juuso Parssinen.
13:30 of 3rd period - Stopped by Colten Ellis with a rebound.
13:32 of 3rd period - Slapshot by Justin Danforth.
13:32 of 3rd period - Shot Blocked by Samuel Fagemo.
13:34 of 3rd period - Slapshot by Wyatt Kaiser.
13:34 of 3rd period - Shot Blocked by Ryan Johnson.
13:36 of 3rd period - Snap shot by Wyatt Kaiser.
13:36 of 3rd period - Shot Blocked by Filip Kral.
13:38 of 3rd period - Snap shot by Wyatt Kaiser.
13:38 of 3rd period - Shot Misses the Net.
13:48 of 3rd period - Brett Berard is hit by Mike Sgarbossa and loses puck.
14:07 of 3rd period - Snap shot by Filip Chytil.
14:07 of 3rd period - Stopped by Devon Levi with a rebound.
14:09 of 3rd period - Snap shot by Filip Chytil.
14:09 of 3rd period - Stopped by Devon Levi with a rebound.
14:11 of 3rd period - Wrist shot by Adam Beckman.
14:11 of 3rd period - Shot Blocked by Cole Guttman.
14:13 of 3rd period - Snap shot by Ryan Johnson.
14:13 of 3rd period - Shot Misses the Net.
14:15 of 3rd period - Wrist shot by Filip Chytil.
14:15 of 3rd period - Shot Misses the Net.
14:17 of 3rd period - Snap shot by Ryan Winterton.
14:17 of 3rd period - Shot Misses the Net.
14:35 of 3rd period - Wrist shot by Justin Sourdif.
14:35 of 3rd period - Stopped by Devon Levi with a rebound.
14:37 of 3rd period - Slapshot by Riley Sutter.
14:37 of 3rd period - Shot Misses the Net.
14:47 of 3rd period - Anton Stralman is hit by Fabian Lysell and loses puck.
14:58 of 3rd period - Wrist shot by John Leonard.
14:58 of 3rd period - Stopped by Colten Ellis with a rebound.
15:24 of 3rd period - Snap shot by John Leonard.
15:24 of 3rd period - Shot Misses the Net.
15:26 of 3rd period - Slapshot by Uvis Balinskis.
15:26 of 3rd period - Shot Misses the Net.
15:28 of 3rd period - Snap shot by Uvis Balinskis.
15:28 of 3rd period - Shot Blocked by Brett Berard.
15:30 of 3rd period - Snap shot by Riley Damiani.
15:30 of 3rd period - Shot Misses the Net.
15:32 of 3rd period - Snap shot by William Dufour.
15:32 of 3rd period - Shot Blocked by Brett Berard.
15:34 of 3rd period - Wrist shot by John Leonard.
15:34 of 3rd period - Shot Blocked by Lukas Cormier.
15:36 of 3rd period - Slapshot by William Dufour.
15:36 of 3rd period - Shot Blocked by Lukas Cormier.
15:38 of 3rd period - Wrist shot by Riley Damiani.
15:38 of 3rd period - Shot Misses the Net.
15:48 of 3rd period - Snap shot by William Dufour.
15:48 of 3rd period - Stopped by Colten Ellis with a rebound.
15:50 of 3rd period - Slapshot by Uvis Balinskis.
15:50 of 3rd period - Shot Blocked by Lukas Cormier.
15:52 of 3rd period - Wrist shot by John Leonard.
15:52 of 3rd period - Stopped by Colten Ellis with a rebound.
15:54 of 3rd period - Slapshot by Anton Stralman.
15:54 of 3rd period - Stopped by Colten Ellis with a rebound.
15:56 of 3rd period - Snap shot by Anton Stralman.
15:56 of 3rd period - Shot Misses the Net.
15:58 of 3rd period - Slapshot by Riley Damiani.
15:58 of 3rd period - Stopped by Colten Ellis with a rebound.
16:00 of 3rd period - Slapshot by Anton Stralman.
16:00 of 3rd period - Stopped by Colten Ellis with a rebound.
16:02 of 3rd period - Snap shot by Riley Damiani.
16:02 of 3rd period - Shot Misses the Net.
16:04 of 3rd period - Slapshot by Anton Stralman.
16:04 of 3rd period - Shot Blocked by Aku Raty.
16:06 of 3rd period - Snap shot by William Dufour.
16:06 of 3rd period - Stopped by Colten Ellis without a rebound.
16:07 of 3rd period - Juuso Parssinen wins face-off versus Justin Danforth in Comets zone.
16:14 of 3rd period - Slapshot by Juuso Parssinen.
16:14 of 3rd period - Shot Misses the Net.
16:31 of 3rd period - Icing by Justin Danforth.
16:32 of 3rd period - Cole Guttman wins face-off versus Filip Chytil in Thunderbirds zone.
16:43 of 3rd period - Wrist shot by Jiri Smejkal.
16:43 of 3rd period - Deflect By Cole Guttman.
16:43 of 3rd period - Stopped by Colten Ellis with a rebound.
16:49 of 3rd period - Gabriel Carlsson is hit by Ryan Winterton and loses puck.
16:54 of 3rd period - Snap shot by Filip Chytil.
16:54 of 3rd period - Stopped by Devon Levi with a rebound.
16:56 of 3rd period - Slapshot by Kim Nousiainen.
16:56 of 3rd period - Deflect By Ryan Winterton.
16:56 of 3rd period - Shot Blocked by Wyatt Kaiser.
16:56 of 3rd period - Puck is out of play.
16:57 of 3rd period - Juuso Parssinen wins face-off versus Justin Danforth in Thunderbirds zone.
17:24 of 3rd period - Samuel Fagemo is hit by Gavin Bayreuther and loses puck.
17:47 of 3rd period - Slapshot by Cole Guttman.
17:47 of 3rd period - Shot Misses the Net.
17:49 of 3rd period - Slapshot by Wyatt Kaiser.
17:49 of 3rd period - Stopped by Colten Ellis with a rebound.
19:13 of 3rd period - Ryan Johnson is hit by Cole Guttman and loses puck.
19:36 of 3rd period - Slapshot by Justin Danforth.
19:36 of 3rd period - Shot Blocked by Ryan Johnson.
Goals for this period are 1 for Thunderbirds vs 1 for Comets.
Shots for this period are 17 for Thunderbirds vs 9 for Comets.